Map: Alcyone LE

Players

A.I. 1 (Elite)

  • Race: Zerg Zerg
  • Spawn Location: 7:00

A.I. 2 (Elite)

  • Race: Terran Terran
  • Spawn Location: 1:00

VOD

Have the link to the VOD?

Description

Time

  • Played on: June 19, 2025, 6:53 p.m.
  • Length: 18:28
Show
View Real Time Build Order
Export as new Build Order

A.I. 1 (Elite) Zerg 

Build Orders: Pool First 

Get SALT Encoding   

  12  0:01  Drone  
  13  0:12  Overlord  
  13  0:16  Drone  
  14  0:30  Drone  
  15  0:38  Spawning Pool  
  15  0:41  Drone  
  15  0:45  Drone  
  15  0:49  Drone  
  17  0:52  Extractor  
  17  0:55  Drone  
  17  1:06  Drone  
  18  1:17  Drone  
  19  1:25  Queen  
  19  1:29  Roach Warren  
  19  1:30  Drone  
  21  1:38  Zergling x2  
  22  1:50  Overlord  
  22  1:59  Overlord  
  22  2:11  Roach  
  24  2:21  Roach  
  26  2:32  Roach x3  
  26  2:33  Overlord  
  32  2:44  Roach  
  34  2:52  Hatchery  
  34  2:56  Drone  
  34  3:03  Roach  
  36  3:07  Roach  
  36  3:12  Roach  
  40  3:18  Roach  
  42  3:23  Roach  
  44  3:28  Roach  
  46  3:35  Overlord  
  46  3:53  Roach  
  46  3:54  Roach x2  
  51  4:04  Overlord, Zergling x2  
  51  4:07  Zergling x2  
  47  4:19  Lair  
  43  4:34  Extractor  
  43  4:36  Extractor  
  43  4:37  Drone  
  42  4:40  Drone  
  42  4:44  Drone  
  44  4:47  Drone  
  44  4:50  Drone  
  46  4:54  Drone  
  46  4:57  Drone  
  48  5:01  Drone  
  48  5:05  Drone  
  50  5:08  Drone  
  50  5:11  Drone  
  52  5:15  Drone  
  52  5:17  Drone, Hydralisk Den  
  53  5:21  Drone  
  53  5:25  Drone  
  53  5:27  Drone  
  56  5:31  Drone  
  56  5:33  Drone  
  58  5:36  Drone  
  58  5:40  Overlord  
  59  5:43  Drone  
  59  5:46  Drone  
  59  5:48  Drone, Hydralisk  
  64  5:52  Hydralisk  
  66  5:59  Hydralisk  
  66  6:01  Overlord  
  68  6:10  Drone  
  69  6:12  Drone  
  69  6:18  Drone x2  
  71  6:19  Drone, Infestation Pit  
  71  6:22  Drone  
  71  6:23  Overlord  
  73  6:32  Drone  
  74  6:34  Drone  
  75  6:41  Evolution Chamber  
  75  6:43  Drone  
  75  6:44  Drone  
  75  6:46  Overlord  
  75  6:47  Zergling x4  
  78  6:54  Baneling Nest  
  78  6:55  Drone  
  78  6:56  Drone  
  79  7:05  Drone  
  79  7:06  Drone  
  79  7:07  Zerg Ground Armor Level 1  
  81  7:09  Hatchery  
  81  7:10  Overseer  
  79  7:16  Drone, Infestor  
  79  7:17  Infestor, Zergling x2  
  79  7:18  Drone  
  86  7:27  Ravager, Zergling x2  
  86  7:28  Evolution Chamber, Zergling x2  
  88  7:32  Metabolic Boost  
  88  7:37  Baneling  
  88  7:38  Overlord, Zergling x2  
  88  7:39  Extractor  
  88  7:40  Baneling  
  88  7:42  Baneling  
  88  7:43  Baneling  
  88  7:46  Baneling  
  88  7:49  Baneling, Zergling x6  
  88  7:50  Zergling x4  
  93  7:53  Zerg Missile Weapons Level 1  
  93  7:57  Baneling  
  93  7:58  Evolution Chamber  
  92  7:59  Zergling x2  
  92  8:01  Drone  
  94  8:10  Overlord  
  94  8:11  Zergling x2  
  94  8:12  Spire  
  90  8:14  Baneling x2  
  87  8:21  Zergling x6  
  87  8:22  Drone, Zergling x2  
  87  8:23  Drone, Zerg Melee Weapons Level 1  
  85  8:28  Extractor  
  85  8:31  Drone  
  85  8:32  Drone  
  85  8:34  Roach  
  77  8:42  Drone x2  
  77  8:44  Drone  
  80  8:53  Drone x2, Infestor, Roach x2, Spine Crawler  
  80  8:55  Extractor  
  86  8:56  Drone  
  87  9:04  Drone x2  
  87  9:07  Drone  
  87  9:08  Ravager  
  91  9:14  Drone x2  
  93  9:18  Drone  
  93  9:23  Zerg Ground Armor Level 2  
  94  9:25  Drone x3, Infestor, Roach  
  94  9:29  Drone  
  94  9:30  Pneumatized Carapace  
  102  9:35  Spine Crawler  
  102  9:36  Drone x2  
  102  9:37  Burrow  
  103  9:40  Drone  
  103  9:42  Queen  
  106  9:46  Drone  
  106  9:47  Drone  
  106  9:50  Overlord  
  108  9:56  Drone, Mutalisk, Roach  
  108  9:57  Drone, Roach  
  116  10:03  Drone  
  117  10:07  Mutalisk  
  117  10:08  Drone  
  117  10:13  Overlord, Queen  
  122  10:15  Spore Crawler  
  122  10:17  Zerg Missile Weapons Level 2  
  122  10:18  Spore Crawler  
  122  10:19  Drone x2  
  122  10:21  Glial Reconstitution  
  122  10:24  Drone  
  122  10:28  Hydralisk, Mutalisk  
  123  10:29  Roach  
  123  10:31  Overlord, Mutalisk  
  123  10:32  Spine Crawler  
  123  10:34  Spine Crawler  
  129  10:36  Mutalisk  
  129  10:39  Mutalisk  
  129  10:40  Mutalisk  
  129  10:41  Roach x2  
  135  10:45  Hatchery  
  135  10:47  Mutalisk  
  133  10:50  Overlord  
  133  10:51  Zergling x2  
  121  10:57  Roach  
  121  10:58  Roach x3  
  121  11:00  Roach  
  121  11:01  Roach  
  121  11:02  Zergling x2  
  121  11:03  Hydralisk  
  115  11:06  Mutalisk  
  115  11:10  Corruptor  
  119  11:13  Corruptor  
  119  11:18  Zergling x2  
  122  11:20  Corruptor  
  122  11:23  Zergling x2  
  122  11:24  Zergling x2  
  126  11:26  Corruptor, Zergling x4  
  126  11:31  Baneling x3, Zergling x2  
  126  11:32  Zergling x6  
  134  11:33  Baneling, Zergling x2  
  134  11:37  Mutalisk  
  134  11:38  Overlord  
  137  11:43  Mutalisk  
  139  11:50  Mutalisk  
  139  11:53  Baneling, Zergling x2  
  142  11:54  Overseer  
  142  11:57  Overlord  
  142  11:58  Drone x2  
  142  11:59  Drone  
  142  12:00  Drone x2, Roach x2  
  142  12:01  Drone, Mutalisk  
  148  12:06  Baneling  
  147  12:08  Drone  
  147  12:09  Drone x2  
  147  12:11  Zergling x2  
  147  12:12  Hive  
  147  12:13  Zergling x2  
  147  12:15  Zergling x2  
  146  12:18  Zergling x4  
  146  12:19  Zergling x2  
  123  12:23  Zergling x4  
  123  12:24  Zergling x2  
  123  12:37  Extractor  
  123  12:39  Drone  
  123  12:40  Zerg Melee Weapons Level 2  
  123  12:45  Spore Crawler  
  123  12:46  Drone  
  123  12:48  Spore Crawler  
  123  12:49  Drone  
  123  12:50  Spore Crawler  
  122  12:52  Drone  
  122  12:53  Queen  
  125  13:04  Spine Crawler  
  124  13:06  Drone  
  125  13:18  Mutalisk  
  127  13:20  Hatchery  
  127  13:22  Drone  
  127  13:23  Mutalisk  
  127  13:24  Zerg Ground Armor Level 3  
  127  13:25  Adrenal Glands, Greater Spire  
  129  13:28  Mutalisk  
  129  13:34  Mutalisk  
  131  13:39  Corruptor  
  135  13:44  Spine Crawler, Corruptor  
  135  13:45  Drone  
  137  13:58  Overseer  
  137  13:59  Lair  
  137  14:04  Viper  
  137  14:09  Spine Crawler  
  139  14:11  Drone  
  139  14:12  Spine Crawler  
  139  14:14  Drone  
  139  14:15  Viper  
  143  14:18  Spine Crawler  
  143  14:19  Drone  
  143  14:20  Spine Crawler  
  143  14:21  Drone  
  143  14:23  Spore Crawler  
  143  14:24  Drone  
  143  14:25  Mutalisk, Overseer  
  143  14:26  Spore Crawler  
  143  14:28  Drone  
  143  14:29  Spine Crawler  
  143  14:30  Drone  
  143  14:31  Spine Crawler, Overlord, Mutalisk  
  145  14:32  Drone, Queen  
  145  14:35  Drone, Spore Crawler  
  145  14:37  Brood Lord x2  
  153  14:39  Spine Crawler  
  153  14:40  Drone  
  153  14:42  Spine Crawler  
  153  14:43  Drone  
  153  14:45  Extractor, Hatchery  
  152  14:46  Drone  
  152  14:47  Drone  
  152  14:48  Corruptor, Brood Lord  
  152  14:51  Extractor  
  152  14:52  Drone  
  157  14:56  Spore Crawler  
  157  14:58  Drone  
  157  14:59  Spore Crawler  
  156  15:01  Drone  
  156  15:02  Zerg Melee Weapons Level 3  
  156  15:05  Zergling x2, Zerg Flyer Weapons Level 1  
  156  15:06  Zergling x4  
  149  15:07  Zergling x2  
  149  15:08  Zergling x4  
  149  15:09  Zergling x6  
  149  15:10  Mutalisk, Zergling x2  
  121  15:16  Mutalisk  
  121  15:19  Drone  
  121  15:20  Drone x2  
  121  15:21  Mutalisk  
  115  15:26  Mutalisk  
  115  15:29  Zergling x4  
  115  15:31  Zergling x2  
  115  15:32  Drone x3, Mutalisk, Zergling x2  
  115  15:33  Drone x2  
  115  15:34  Drone x3  
  115  15:35  Drone, Baneling  
  114  15:36  Drone  
  114  15:37  Drone  
  114  15:38  Mutalisk  
  114  15:39  Drone  
  114  15:40  Drone  
  90  15:51  Overseer  
  90  15:53  Drone  
  90  15:56  Drone  
  81  15:58  Mutalisk  
  81  16:02  Mutalisk  
  71  16:07  Mutalisk  
  70  16:11  Mutalisk  
  70  16:17  Mutalisk  
  70  16:18  Drone  
  74  16:19  Hatchery  
  74  16:21  Drone  
  72  16:32  Mutalisk  
  61  16:37  Mutalisk  
  58  16:43  Drone  
  58  16:46  Hatchery  
  51  16:53  Overseer  
  50  16:55  Drone, Mutalisk  
  53  17:01  Drone  
  53  17:03  Drone  
  43  17:12  Drone  
  43  17:13  Hatchery  
  41  17:20  Mutalisk  
  41  17:25  Mutalisk  
  32  17:58  Hatchery  
  31  18:08  Hatchery  
  31  18:12  Spawning Pool  
Show
View Real Time Build Order
Export as new Build Order

A.I. 2 (Elite) Terran 

Build Orders:  

Get SALT Encoding   

  12  0:00  SCV  
  13  0:13  SCV  
  14  0:19  Supply Depot  
  14  0:25  SCV  
  15  0:28  Refinery  
  15  0:40  SCV  
  16  0:48  Barracks  
  16  0:52  SCV  
  17  1:05  SCV  
  18  1:17  SCV  
  19  1:36  Orbital Command, Supply Depot  
  19  1:37  Marine  
  19  1:39  Factory  
  20  1:50  Barracks  
  20  1:55  Marine  
  21  2:02  SCV  
  22  2:14  Barracks Tech Lab, SCV  
  23  2:20  Supply Depot  
  23  2:24  Hellion  
  25  2:34  Concussive Shells  
  25  2:36  Marauder  
  27  2:37  Barracks Tech Lab  
  27  2:45  Hellion, SCV  
  30  2:56  Marauder, Supply Depot  
  30  2:57  Marauder  
  34  3:06  Hellion  
  36  3:18  Marauder  
  36  3:19  Marauder  
  40  3:24  Supply Depot  
  40  3:28  Hellion  
  42  3:39  Marauder  
  42  3:40  Marauder  
  46  3:43  Refinery  
  46  3:46  SCV  
  47  3:49  Hellion  
  47  3:53  Supply Depot  
  47  3:55  Stimpack  
  49  4:00  Marine  
  49  4:01  Marauder  
  52  4:07  SCV  
  43  4:18  Marine  
  43  4:19  SCV  
  43  4:22  Marine  
  46  4:31  SCV  
  47  4:36  Marine  
  48  4:40  Marine  
  49  4:47  Engineering Bay  
  49  4:50  Engineering Bay  
  49  4:53  Marine  
  49  4:59  Command Center  
  50  5:12  Marine  
  51  5:14  Terran Infantry Weapons Level 1  
  51  5:15  Marine  
  51  5:16  Terran Infantry Armor Level 1  
  52  5:29  Barracks  
  52  5:30  Marine  
  52  5:33  Marine  
  54  5:48  Marine, Factory Tech Lab  
  55  5:52  Marauder  
  57  5:58  Supply Depot  
  57  6:06  Marine  
  57  6:09  Starport  
  57  6:11  Siege Tank  
  61  6:13  Marauder  
  61  6:16  Barracks Reactor  
  63  6:19  SCV  
  63  6:24  SCV  
  65  6:31  SCV  
  66  6:36  SCV  
  66  6:38  Marine, Combat Shield  
  67  6:41  Marine  
  67  6:43  SCV  
  67  6:46  Starport Reactor  
  69  6:48  SCV  
  69  6:51  Siege Tank  
  73  6:55  SCV  
  73  7:00  SCV  
  75  7:08  SCV  
  76  7:09  Refinery  
  76  7:12  SCV  
  76  7:14  Supply Depot  
  77  7:20  SCV  
  78  7:23  Siege Tank  
  78  7:24  SCV  
  78  7:28  Refinery  
  82  7:32  SCV  
  82  7:35  Command Center  
  83  7:49  SCV  
  83  7:51  SCV, Supply Depot  
  85  7:55  Siege Tank  
  88  8:01  SCV  
  88  8:04  Armory  
  89  8:10  SCV  
  90  8:13  SCV  
  90  8:18  Supply Depot  
  91  8:22  SCV  
  91  8:25  Marauder, SCV  
  91  8:27  Marine  
  85  8:29  Marine  
  85  8:31  Marine  
  64  8:39  SCV  
  62  8:44  Marine  
  62  8:47  Marine, Marauder  
  66  8:49  Marauder, SCV  
  66  8:51  SCV  
  66  8:54  Terran Infantry Weapons Level 2, SCV  
  71  9:01  SCV  
  71  9:02  Marine  
  72  9:05  Marine  
  72  9:06  SCV  
  72  9:07  SCV  
  72  9:08  Marauder  
  78  9:10  Marine  
  78  9:13  SCV  
  80  9:18  SCV  
  80  9:19  SCV  
  80  9:20  Marine  
  80  9:22  Marine  
  84  9:25  SCV  
  84  9:27  Siege Tank  
  84  9:29  Marine, Marauder  
  84  9:30  SCV  
  92  9:31  SCV  
  92  9:37  SCV  
  92  9:38  Marine  
  94  9:40  Marine  
  94  9:42  SCV  
  94  9:43  SCV  
  98  9:47  Marauder  
  98  9:49  SCV  
  98  9:50  Marauder  
  103  9:54  SCV  
  103  9:55  SCV  
  103  9:58  Missile Turret  
  108  10:00  Siege Tank  
  108  10:01  Missile Turret, SCV  
  108  10:04  Missile Turret  
  108  10:06  Missile Turret  
  109  10:08  Orbital Command  
  109  10:09  Marauder  
  109  10:11  Barracks  
  109  10:12  Medivac  
  113  10:14  Medivac, Supply Depot  
  113  10:15  Marine  
  113  10:17  Marine  
  113  10:20  Marauder  
  119  10:30  Marauder, Missile Turret  
  119  10:32  Siege Tank  
  124  10:38  Supply Depot  
  124  10:43  Orbital Command  
  124  10:44  Medivac  
  126  10:54  Infernal Pre-Igniter, Factory  
  126  10:56  Marauder  
  117  10:59  Command Center  
  114  11:04  Marine, Hellion  
  114  11:05  Marine  
  116  11:12  Supply Depot  
  116  11:21  Armory  
  116  11:25  Siege Tank  
  119  11:26  Marine  
  119  11:27  Marine  
  119  11:29  Liberator  
  119  11:32  Liberator  
  126  11:34  Terran Vehicle Weapons Level 1  
  126  11:38  Supply Depot, Widow Mine  
  128  11:44  Refinery  
  128  11:47  Refinery  
  128  11:57  Thor  
  128  11:59  Hellion  
  128  12:00  Factory  
  136  12:06  Supply Depot  
  136  12:08  Terran Vehicle And Ship Armor Level 1  
  136  12:10  SCV  
  136  12:11  SCV  
  136  12:12  Marine x2, Liberator, SCV x2  
  136  12:13  Marine x3, Refinery  
  136  12:15  Liberator  
  142  12:22  Factory Tech Lab  
  125  12:23  SCV  
  125  12:24  SCV  
  125  12:29  Marine  
  118  12:30  Marine  
  118  12:31  Marine x3  
  113  12:39  Thor  
  113  12:40  Hellion  
  113  12:43  Hellion  
  123  12:50  Terran Infantry Weapons Level 3  
  123  12:52  Planetary Fortress  
  123  12:55  Liberator  
  123  12:56  Missile Turret  
  123  12:58  Liberator  
  129  12:59  Missile Turret  
  129  13:01  Siege Tank  
  129  13:05  Factory Tech Lab  
  132  13:11  Fusion Core  
  132  13:22  Siege Tank  
  132  13:23  Missile Turret  
  132  13:24  Hellion  
  137  13:34  Siege Tank  
  140  13:38  Liberator  
  143  13:42  Missile Turret  
  143  13:45  Hellion, Missile Turret  
  145  13:53  Missile Turret  
  145  13:54  Siege Tank  
  148  13:56  Missile Turret  
  148  13:57  Advanced Ballistics  
  148  14:04  Command Center  
  148  14:06  Terran Vehicle Weapons Level 2, Hellion, Siege Tank  
  148  14:07  Medivac  
  148  14:09  Supply Depot  
  155  14:18  Missile Turret  
  155  14:22  Medivac  
  157  14:24  Marine  
  157  14:26  Marine x2, Thor  
  157  14:27  Marine, Widow Mine  
  169  14:36  Supply Depot  
  169  14:39  Missile Turret, Hellion  
  171  14:46  Medivac  
  171  14:48  Thor  
  179  14:54  Missile Turret  
  179  14:57  Missile Turret  
  179  15:00  Hellion, Missile Turret  
  179  15:02  Missile Turret  
  179  15:04  Viking  
  179  15:05  Starport  
  179  15:06  Marauder  
  181  15:08  Marine, Supply Depot  
  181  15:10  Hellion  
  181  15:11  Marine x2  
  181  15:12  Marine  
  171  15:16  Viking  
  166  15:26  Marauder  
  166  15:28  Marauder  
  170  15:31  Refinery  
  170  15:33  Marine  
  170  15:34  Viking  
  170  15:35  Missile Turret, Planetary Fortress  
  166  15:36  Command Center  
  166  15:39  Refinery  
  166  15:41  Siege Tank  
  166  15:42  Viking  
  163  15:43  Missile Turret, Hellion  
  163  15:46  Viking  
  163  15:48  Marauder  
  163  15:49  Marauder, Missile Turret  
  171  15:50  Terran Infantry Armor Level 2  
  171  15:53  Missile Turret  
  168  15:58  Hellion  
  166  16:04  Medivac, Siege Tank  
  168  16:12  Marine  
  168  16:13  Starport Tech Lab, Marauder  
  168  16:14  Hellion  
  168  16:16  Medivac  
  171  16:19  Hi-Sec Auto Tracking, Hellion  
  171  16:28  Marine  
  171  16:31  Marauder  
  171  16:32  Marine x2, Raven  
  171  16:34  Marine, Medivac  
  171  16:35  Hellion  
  171  16:36  Hellion  
  174  16:41  Hellion  
  174  16:46  Marine  
  177  16:49  Factory, Planetary Fortress  
  177  16:51  Marine  
  177  16:54  Marine x2  
  179  16:55  Marine  
  179  16:56  Hellion  
  179  16:58  Hellion, Unknown  
  185  17:02  Hellion  
  185  17:04  Marine  
  185  17:05  Liberator  
  185  17:06  Raven  
  189  17:09  Marine, Missile Turret, Command Center  
  189  17:12  Missile Turret  
  190  17:17  Marine x2, Missile Turret, Cyclone  
  190  17:19  Thor  
  199  17:23  Cyclone  
  193  17:45  Marine, Medivac x2  
  193  17:46  Marine  
Tags
 
Matchup
TvZ
Opening
Pool First
Spawn Locations
Cross Positions
Add a new tag
Caveats
  • Supply blocks, unpowered buildings, or Contaminate may cause inaccurate times.
  • Supply counts are checked every 10 seconds.